[Event "DVM U10 2024"]
[Site "Duesseldorf"]
[Date "2024.12.28"]
[Round "6"]
[White "Pukshansky, Mikhail B"]
[Black "Sachse, Alina"]
[Result "1-0"]
[ECO "C57"]
[WhiteElo "2405"]
[BlackElo "848"]
[Annotator "TA"]
[PlyCount "91"]
[EventDate "2024.12.23"]
[EventType "team-tourn"]
[EventRounds "7"]
[EventCountry "GER"]
[SourceTitle "playchess.com"]
[Source "ChessBase"]
[SourceQuality "1"]
[TimeControl "3300+5"]

1. e4 e5 2. Nf3 Nc6 3. Bc4 Nf6 4. Ng5 d5 5. exd5 Nxd5 6. Nxf7 Qd7 (6... Kxf7 $14 7. Qf3+ Ke6) 7. Nxh8 $18 Qd6 {[%emt 0:00:54] [#]} 8. Nf7 $1 Qe6 {[%emt 0:00:38] White is clearly winning.} (8... Kxf7 9. Qf3+) 9. Ng5 Qd7 10. Nxh7 Qf7 {[%emt 0:00:32] Prevents Qh5.} 11. Nxf8 Qxf8 12. Bxd5 Ne7 13. Bc4 Bd7 14. O-O O-O-O 15. Nc3 Qh8 16. h3 Qh7 17. Qe1 Ng6 18. Bd3 Re8 19. h4 Rh8 20. g3 Qh5 21. Bxg6 Qxg6 22. Qxe5 Re8 23. Qf4 Bc6 24. d3 Qe6 25. Bd2 Qh3 26. f3 Rh8 27. d4 g5 28. Qxg5 Rf8 29. d5 Bd7 30. Rf2 Be8 31. Rh2 Qd7 32. h5 Qf7 33. h6 Qxf3 34. h7 {[%emt 0:00:16] White mates.} Rh8 35. Qg7 Qf8 36. Qxf8 Rxf8 37. h8=Q Kd7 38. Qxf8 c6 39. dxc6+ bxc6 40. g4 c5 41. g5 c4 42. Rh7+ Kc6 43. Qxe8+ Kc5 44. Qe3+ Kb4 45. Rb7+ Ka5 46. Qxa7# {[%emt 0:00:05] Black did not feel at home in the position after the opening.   Weighted Error Value: White=0.84/Black=3.13.  Inaccurate:     	---       	Black=1      Best:        	White=1     	---} 1-0

[Event "DVM U10 2024"]
[Site "Duesseldorf"]
[Date "2024.12.28"]
[Round "6"]
[White "Jiang, Lucas"]
[Black "Sandal, Ilyas"]
[Result "1-0"]
[ECO "C50"]
[WhiteElo "2261"]
[BlackElo "943"]
[Annotator "RC"]
[PlyCount "125"]
[EventDate "2024.12.23"]
[EventType "team-tourn"]
[EventRounds "7"]
[EventCountry "GER"]
[SourceTitle "playchess.com"]
[Source "ChessBase"]
[SourceQuality "1"]
[TimeControl "3300+5"]

1. e4 e5 2. Nf3 Nc6 3. Bc4 Bc5 4. c3 d6 5. d3 Bg4 6. h3 Bh5 7. Be3 Bb6 8. Nbd2 h6 9. O-O Nf6 10. d4 exd4 11. cxd4 Bxd4 12. Bxd4 Nxd4 13. Qa4+ c6 14. Bxf7+ Bxf7 15. Qxd4 O-O 16. Rfe1 Re8 17. Nc4 Bxc4 18. Qxc4+ d5 19. exd5 Qxd5 20. Qb4 c5 21. Qc3 Ne4 22. Qc2 c4 23. Rad1 Qc6 24. Re3 Nf6 25. Ne5 Qc5 26. Qxc4+ Qxc4 27. Nxc4 Rxe3 28. Nxe3 Rc8 29. Kh2 Rc5 30. f3 Kh7 31. Kg3 Kg6 32. f4 h5 33. Kf3 Kh6 34. g4 hxg4+ 35. hxg4 g5 36. Rh1+ Kg6 37. f5+ Kg7 38. Rh2 b6 39. Rc2 Rxc2 40. Nxc2 Kf7 41. Ne3 a6 42. Ke2 Ke7 43. Kd3 Kd6 44. Kd4 a5 45. a4 Kd7 46. Ke5 Ke7 47. Nd5+ Nxd5 48. Kxd5 Kf6 49. Kc6 Ke5 50. Kxb6 Kf4 51. f6 Kxg4 52. f7 Kh3 53. f8=Q g4 54. Kxa5 g3 55. Qg7 g2 56. Qxg2+ Kxg2 57. b4 Kf2 58. b5 Ke2 59. b6 Kd3 60. b7 Kd4 61. b8=Q Kd5 62. Qf4 Ke6 63. Qf7+ 1-0

[Event "DVM U10 2024"]
[Site "Duesseldorf"]
[Date "2024.12.28"]
[Round "6"]
[White "Schmidt, Fabian"]
[Black "Gerhardt, Noah"]
[Result "1/2-1/2"]
[ECO "C50"]
[WhiteElo "1971"]
[BlackElo "1140"]
[Annotator "NA RC"]
[PlyCount "65"]
[EventDate "2024.12.23"]
[EventType "team-tourn"]
[EventRounds "7"]
[EventCountry "GER"]
[SourceTitle "playchess.com"]
[Source "ChessBase"]
[SourceQuality "1"]
[TimeControl "3300+5"]

1. e4 e5 2. Nf3 Nc6 3. Bc4 Bc5 4. O-O Nf6 5. Nc3 d6 6. h3 O-O 7. d3 h6 8. Be3 Bb6 9. Qd2 Be6 10. Bb3 Ba5 11. Rfe1 Bxc3 12. Qxc3 Bxb3 13. axb3 Re8 14. Qd2 Qd7 15. Nh4 d5 16. c3 dxe4 17. dxe4 Qxd2 18. Bxd2 Rad8 19. Nf3 Rd3 20. Rad1 Red8 21. b4 Nh5 22. b5 Na5 23. Re3 R3d6 24. g3 Nc4 25. Re2 Nxb2 26. Rb1 Nc4 27. Rd1 Nb2 28. Rb1 Nc4 29. Rd1 Nb2 30. Rb1 Nc4 31. Rd1 Nb2 32. Rb1 Nc4 33. Rd1 1/2-1/2

[Event "DVM U10 2024"]
[Site "Duesseldorf"]
[Date "2024.12.28"]
[Round "6"]
[White "Mueller, Konstantin"]
[Black "Braren, Ove Neelis"]
[Result "1/2-1/2"]
[ECO "C54"]
[WhiteElo "1957"]
[BlackElo "1634"]
[Annotator "NA RC"]
[PlyCount "114"]
[EventDate "2024.12.23"]
[EventType "team-tourn"]
[EventRounds "7"]
[EventCountry "GER"]
[SourceTitle "playchess.com"]
[Source "ChessBase"]
[SourceQuality "1"]
[TimeControl "3300+5"]

1. e4 e5 2. Nf3 Nc6 3. Bc4 Nf6 4. d3 Bc5 5. c3 a6 6. O-O d6 7. Bb3 h6 8. Re1 Ng4 9. Re2 Ba7 10. Nbd2 O-O 11. Nf1 Be6 12. h3 Nf6 13. Ne3 Qd7 14. Nd5 Bxd5 15. exd5 Ne7 16. c4 Nf5 17. Be3 Rfe8 18. Bxa7 Rxa7 19. Bc2 Raa8 20. Qd2 Re7 21. Rae1 Rae8 22. b4 Kf8 23. a4 Nd4 24. Nxd4 exd4 25. Kf1 Rxe2 26. Rxe2 Rxe2 27. Kxe2 Qe7+ 28. Kf1 Qe5 29. g3 Ke7 30. a5 Kd7 31. f4 Qe8 32. Ba4+ c6 33. b5 axb5 34. dxc6+ bxc6 35. cxb5 Qa8 36. bxc6+ Kc7 37. Qb4 Nd5 38. Qxd4 Qxa5 39. Qxg7 Qxa4 40. Qxf7+ Kb6 41. Qxd5 Qd1+ 42. Kf2 Qd2+ 43. Kf3 Qd1+ 44. Ke3 Qe1+ 45. Kd4 Qa1+ 46. Kc4 Qa2+ 47. Kd4 Qa1+ 48. Ke3 Qe1+ 49. Kd4 Qa1+ 50. Ke4 Qh1+ 51. Kd4 Qa1+ 52. Ke3 Qe1+ 53. Kd4 Qa1+ 54. Kc4 Qa2+ 55. Kd4 Qa1+ 56. Ke4 Qh1+ 57. Kd4 Qa1+ 1/2-1/2

[Event "DVM U10 2024"]
[Site "Duesseldorf"]
[Date "2024.12.28"]
[Round "6"]
[White "Boeskov, Steffen"]
[Black "Sander, Bela"]
[Result "0-1"]
[ECO "C50"]
[WhiteElo "1933"]
[BlackElo "1117"]
[Annotator "NA RC"]
[PlyCount "66"]
[EventDate "2024.12.23"]
[EventType "team-tourn"]
[EventRounds "7"]
[EventCountry "GER"]
[SourceTitle "playchess.com"]
[Source "ChessBase"]
[SourceQuality "1"]
[TimeControl "3300+5"]

1. e4 e5 2. Nf3 Nc6 3. Bc4 Bc5 4. d3 h6 5. Nc3 d6 6. h3 Nf6 7. O-O Be6 8. Bxe6 fxe6 9. Qe2 Qe7 10. Be3 Bxe3 11. Qxe3 O-O-O 12. Nb5 Kb8 13. d4 a6 14. Nc3 exd4 15. Nxd4 Nxd4 16. Qxd4 e5 17. Qe3 c6 18. Rfd1 d5 19. exd5 cxd5 20. Na4 d4 21. Qb3 h5 22. Qb6 Nd5 23. Qc5 Qxc5 24. Nxc5 Rc8 25. Nd7+ Ka7 26. Nxe5 Rxc2 27. Rxd4 Nb6 28. Nf7 Rf8 29. Nd6 Rfxf2 30. Ne4 Rxg2+ 31. Kf1 Rxb2 32. Nc5 Rxa2 33. Re1 Raf2# 0-1

[Event "DVM U10 2024"]
[Site "Duesseldorf"]
[Date "2024.12.28"]
[Round "6"]
[White "Pereira, Jefferson Luis de S."]
[Black "Liu, Siyuan B"]
[Result "0-1"]
[ECO "C47"]
[WhiteElo "1932"]
[BlackElo "1687"]
[Annotator "NA RC"]
[PlyCount "100"]
[EventDate "2024.12.23"]
[EventType "team-tourn"]
[EventRounds "7"]
[EventCountry "GER"]
[SourceTitle "playchess.com"]
[Source "ChessBase"]
[SourceQuality "1"]
[TimeControl "3300+5"]

1. e4 e5 2. Nf3 Nc6 3. Nc3 Nf6 4. d4 d6 5. d5 Nb8 6. Bg5 h6 7. Bh4 g6 8. Bb5+ Nbd7 9. O-O Bg7 10. h3 a6 11. Ba4 b5 12. Bb3 O-O 13. Qd2 Rb8 14. Rfe1 b4 15. Na4 a5 16. a3 Ba6 17. Ba2 Bb5 18. Bb3 Nc5 19. g3 Bxa4 20. Re3 Nxb3 21. cxb3 Bb5 22. a4 Ba6 23. Rc1 c5 24. dxc6 Rc8 25. Qc2 Qc7 26. g4 g5 27. Bg3 Rfe8 28. Nh2 Red8 29. h4 gxh4 30. Bxh4 d5 31. g5 hxg5 32. Bxg5 d4 33. Rg3 Rd6 34. Qd2 Nxe4 35. Qd1 Nxg3 36. fxg3 Rxc6 37. Ng4 Rxc1 38. Bxc1 Qxc1 39. Qxc1 Rxc1+ 40. Kg2 Rc2+ 41. Kh3 Rxb2 42. Kh4 Rxb3 43. Kh5 Rxg3 44. Nh6+ Bxh6 45. Kh4 Rg7 46. Kh5 e4 47. Kxh6 e3 48. Kh5 e2 49. Kh6 e1=R 50. Kh5 Rh1# 0-1

[Event "DVM U10 2024"]
[Site "Duesseldorf"]
[Date "2024.12.28"]
[Round "6"]
[White "White, William"]
[Black "Leppin, Mattis"]
[Result "1-0"]
[ECO "B12"]
[WhiteElo "1750"]
[BlackElo "1138"]
[Annotator "NA RC"]
[PlyCount "163"]
[EventDate "2024.12.23"]
[EventType "team-tourn"]
[EventRounds "7"]
[EventCountry "GER"]
[SourceTitle "playchess.com"]
[Source "ChessBase"]
[SourceQuality "1"]
[TimeControl "3300+5"]

1. e4 c6 2. d4 d5 3. e5 Bf5 4. Bd3 Bxd3 5. Qxd3 e6 6. Nf3 Nd7 7. Be3 g6 8. Nbd2 Bg7 9. O-O Ne7 10. c4 O-O 11. cxd5 Nxd5 12. Nc4 f6 13. exf6 N7xf6 14. Rfe1 Re8 15. Re2 Nd7 16. Bd2 Qc7 17. Rae1 Nf8 18. Ng5 Qd7 19. Na5 b6 20. Nb3 Re7 21. Qh3 Rae8 22. Nf3 Bf6 23. Qg3 Kg7 24. Bg5 Bxg5 25. Nxg5 a5 26. Qe5+ Kg8 27. a3 Qc7 28. Qxc7 Nxc7 29. Nd2 Nd5 30. Nc4 Nc7 31. Nxb6 h6 32. Nf3 Kg7 33. Ne5 Nd5 34. Nxd5 exd5 35. Rc2 Nd7 36. f4 Nxe5 37. fxe5 Rc8 38. Rec1 Rec7 39. Rc5 Rb7 40. Rxd5 cxd5 41. Rxc8 Rxb2 42. Rc5 Rb1+ 43. Kf2 Rb2+ 44. Ke1 Rb1+ 45. Kd2 Rb2+ 46. Kc3 Rxg2 47. Rxa5 Rxh2 48. Rxd5 Rh3+ 49. Kb4 g5 50. Rc5 g4 51. a4 g3 52. Rc1 Rh4 53. Kc5 g2 54. Rg1 Rg4 55. a5 Rg6 56. Kb5 h5 57. a6 Kh8 58. a7 Rg8 59. Rxg2 Rxg2 60. a8=Q+ Rg8 61. Qh1 Rb8+ 62. Kc4 Rc8+ 63. Kd3 Kg7 64. Qxh5 Rh8 65. Qg5+ Kf8 66. Qf6+ Kg8 67. e6 Rh6 68. Qf7+ Kh8 69. e7 Rh3+ 70. Ke4 Rh4+ 71. Kf5 Rf4+ 72. Kg6 Rg4+ 73. Kf5 Rf4+ 74. Ke5 Re4+ 75. Kd6 Rxd4+ 76. Kc7 Rd7+ 77. Kc8 Rc7+ 78. Kb8 Rc8+ 79. Kb7 Rb8+ 80. Kc6 Rc8+ 81. Kd5 Rc5+ 82. Kd4 1-0

[Event "DVM U10 2024"]
[Site "Duesseldorf"]
[Date "2024.12.28"]
[Round "6"]
[White "Barsov, Mikhail"]
[Black "Jozsa, Lev"]
[Result "1-0"]
[ECO "D30"]
[WhiteElo "1737"]
[BlackElo "1617"]
[Annotator "NA RC"]
[PlyCount "75"]
[EventDate "2024.12.23"]
[EventType "team-tourn"]
[EventRounds "7"]
[EventCountry "GER"]
[SourceTitle "playchess.com"]
[Source "ChessBase"]
[SourceQuality "1"]
[TimeControl "3300+5"]

1. c4 e6 2. g3 d5 3. Bg2 Nf6 4. Nf3 c5 5. cxd5 exd5 6. d4 Nc6 7. O-O Bf5 8. Nc3 Ne4 9. Be3 Nxc3 10. bxc3 b6 11. Bf4 Be4 12. Qa4 Qd7 13. Bh3 f5 14. Ng5 h6 15. Nxe4 dxe4 16. Bxf5 Qb7 17. Bxe4 b5 18. Qc2 g5 19. Be5 Rg8 20. Bd5 Nxd4 21. Bxb7 Nxc2 22. Bxa8 Nxa1 23. Rxa1 Rg6 24. Bd5 Bd6 25. Bc6+ Ke7 26. Bxd6+ Rxd6 27. Bxb5 Rd2 28. Bd3 Kd6 29. Kf1 Kd5 30. Ke1 Rb2 31. c4+ Kd4 32. Kd1 Rb6 33. Kc2 Rf6 34. e3+ Ke5 35. f4+ gxf4 36. exf4+ Kd4 37. Re1 Rf5 38. Re4# 1-0

[Event "DVM U10 2024"]
[Site "Duesseldorf"]
[Date "2024.12.28"]
[Round "6"]
[White "Sauer, Ben"]
[Black "Glaser-Gallion, Ludwig"]
[Result "1-0"]
[ECO "B13"]
[WhiteElo "1645"]
[BlackElo "1358"]
[Annotator "NA RC"]
[PlyCount "47"]
[EventDate "2024.12.23"]
[EventType "team-tourn"]
[EventRounds "7"]
[EventCountry "GER"]
[SourceTitle "playchess.com"]
[Source "ChessBase"]
[SourceQuality "1"]
[TimeControl "3300+5"]

1. e4 c6 2. d4 d5 3. exd5 cxd5 4. Bd3 Nc6 5. c3 Nf6 6. Bf4 Bg4 7. Qb3 Qd7 8. Nd2 e6 9. Ngf3 a6 10. h3 Bxf3 11. Nxf3 Be7 12. O-O O-O 13. Ne5 Nxe5 14. dxe5 Ne8 15. Qc2 h6 16. Qe2 Nc7 17. Qg4 Kh8 18. Qh5 g6 19. Qxh6+ Kg8 20. h4 d4 21. h5 dxc3 22. hxg6 fxg6 23. Qxg6+ Kh8 24. Qh7# 1-0

[Event "DVM U10 2024"]
[Site "Duesseldorf"]
[Date "2024.12.28"]
[Round "6"]
[White "Vignesh Bama, Dev"]
[Black "Jiang, Alexander D"]
[Result "1-0"]
[ECO "C00"]
[WhiteElo "1633"]
[BlackElo "1958"]
[Annotator "NA RC"]
[PlyCount "49"]
[EventDate "2024.12.23"]
[EventType "team-tourn"]
[EventRounds "7"]
[EventCountry "GER"]
[SourceTitle "playchess.com"]
[Source "ChessBase"]
[SourceQuality "1"]
[TimeControl "3300+5"]

1. e4 e6 2. c4 d5 3. cxd5 exd5 4. exd5 Qxd5 5. Nc3 Qf5 6. d4 c5 7. Bb5+ Bd7 8. Nf3 Qh5 9. O-O Bd6 10. Re1+ Ne7 11. Bxd7+ Nxd7 12. Nb5 Qg6 13. Bg5 h6 14. Nxd6+ Qxd6 15. Bxe7 Qg6 16. Bxc5+ Kd8 17. Be7+ Ke8 18. Ba3+ Kd8 19. Qb3 b6 20. Qd5 Rc8 21. Qb7 Qc6 22. Qxc6 Rxc6 23. Rac1 Rg6 24. Be7+ Ke8 25. Rc8# 1-0

[Event "DVM U10 2024"]
[Site "Duesseldorf"]
[Date "2024.12.28"]
[Round "6"]
[White "Bashirova, Sona"]
[Black "Kinateder, Vitus"]
[Result "0-1"]
[ECO "C30"]
[WhiteElo "1626"]
[BlackElo "1605"]
[Annotator "NA RC"]
[PlyCount "82"]
[EventDate "2024.12.23"]
[EventType "team-tourn"]
[EventRounds "7"]
[EventCountry "GER"]
[SourceTitle "playchess.com"]
[Source "ChessBase"]
[SourceQuality "1"]
[TimeControl "3300+5"]

1. e4 e5 2. Nc3 Nf6 3. f4 d6 4. Nf3 Nc6 5. Bb5 Qe7 6. d3 a6 7. Ba4 b5 8. Bb3 Bg4 9. h3 Bxf3 10. Qxf3 Nd4 11. Qd1 Nd7 12. O-O Qh4 13. fxe5 Nxe5 14. Bf4 Nxb3 15. axb3 c6 16. Bxe5 dxe5 17. Qf3 Qe7 18. Ne2 Qc7 19. Ng3 Bc5+ 20. Kh1 O-O 21. Nf5 Bb6 22. Qg3 g6 23. Nh6+ Kg7 24. Ng4 h5 25. Qxe5+ Qxe5 26. Nxe5 Bd4 27. Nxc6 Bxb2 28. Ra2 Bc3 29. Ne7 Ra7 30. Nd5 Bd4 31. c3 Bc5 32. Rfa1 Rfa8 33. d4 Bd6 34. Nb6 Re8 35. e5 Be7 36. Rxa6 Rxa6 37. Rxa6 Bh4 38. Ra8 Re6 39. Rb8 Bg3 40. Nd7 Ra6 41. Kg1 Ra1# 0-1

[Event "DVM U10 2024"]
[Site "Duesseldorf"]
[Date "2024.12.28"]
[Round "6"]
[White "Zielke, Mika"]
[Black "El-Issa, Erik"]
[Result "1-0"]
[ECO "C55"]
[WhiteElo "1623"]
[BlackElo "1530"]
[Annotator "NA RC"]
[PlyCount "129"]
[EventDate "2024.12.23"]
[EventType "team-tourn"]
[EventRounds "7"]
[EventCountry "GER"]
[SourceTitle "playchess.com"]
[Source "ChessBase"]
[SourceQuality "1"]
[TimeControl "3300+5"]

1. e4 e5 2. Nf3 Nc6 3. Bc4 Be7 4. d3 Nf6 5. Be3 O-O 6. O-O d6 7. Nbd2 d5 8. exd5 Nxd5 9. Re1 Be6 10. Bb3 a5 11. a3 f5 12. Nc4 Bf6 13. Bd2 e4 14. dxe4 fxe4 15. Rxe4 Bf5 16. Re1 Kh8 17. c3 Bg4 18. Ne3 Nxe3 19. Bxe3 Ne5 20. Qxd8 Raxd8 21. Nxe5 Bxe5 22. f3 Bf5 23. Bc5 Bd6 24. Bxd6 Rxd6 25. Rad1 Rfd8 26. Rxd6 cxd6 27. Re7 Bd7 28. Be6 Bxe6 29. Rxe6 b5 30. Re7 Kg8 31. Rb7 b4 32. cxb4 axb4 33. Rxb4 d5 34. Rd4 Kf7 35. Kf2 Ke6 36. Ke3 Ke5 37. a4 Rb8 38. b4 g5 39. a5 h5 40. g3 Rc8 41. f4+ gxf4+ 42. gxf4+ Ke6 43. Kd2 Rb8 44. Kc3 Rc8+ 45. Kb3 Rc1 46. b5 Rb1+ 47. Ka4 Ra1+ 48. Kb4 Kd6 49. a6 Ra2 50. Rd3 h4 51. h3 Ra1 52. Ra3 Rb1+ 53. Kc3 Rc1+ 54. Kb2 Rc8 55. b6 d4 56. b7 Rb8 57. a7 Rxb7+ 58. Kc2 Rc7+ 59. Kd3 Rxa7 60. Rxa7 Ke6 61. Kxd4 Kf5 62. Rh7 Kxf4 63. Rxh4+ Kg5 64. Rh8 Kg6 65. h4 1-0

[Event "DVM U10 2024"]
[Site "Duesseldorf"]
[Date "2024.12.28"]
[Round "6"]
[White "Roessling, Johannes"]
[Black "Nune, Likhith Siddharth"]
[Result "0-1"]
[ECO "C45"]
[WhiteElo "1618"]
[BlackElo "1533"]
[Annotator "NA RC"]
[PlyCount "70"]
[EventDate "2024.12.23"]
[EventType "team-tourn"]
[EventRounds "7"]
[EventCountry "GER"]
[SourceTitle "playchess.com"]
[Source "ChessBase"]
[SourceQuality "1"]
[TimeControl "3300+5"]

1. e4 e5 2. Nf3 Nc6 3. d4 exd4 4. Nxd4 Bc5 5. Be3 Qf6 6. c3 Nge7 7. Bc4 d6 8. O-O Qg6 9. Qf3 Ne5 10. Bxf7+ Qxf7 11. Qe2 Qg6 12. Nd2 Bh3 13. f4 Bg4 14. Qb5+ N5c6 15. Rae1 Bxd4 16. cxd4 Bd7 17. d5 a6 18. Qxb7 Rb8 19. Qxc7 Rc8 20. Qb6 Nb8 21. f5 Qf7 22. Qxd6 Qf6 23. Qb4 O-O 24. Bd4 Qf7 25. Rf3 Nxd5 26. exd5 Qxd5 27. Rg3 Rf7 28. Qb3 Qxd4+ 29. Qe3 Qxe3+ 30. Rgxe3 Rxf5 31. Rd3 Bb5 32. Rd6 Rf6 33. Rd5 Rg6 34. Rd4 Nc6 35. Rf4 Ra8 0-1

[Event "DVM U10 2024"]
[Site "Duesseldorf"]
[Date "2024.12.28"]
[Round "6"]
[White "Thirumal, Shravan"]
[Black "Hu, Yinuo"]
[Result "1-0"]
[ECO "B72"]
[WhiteElo "1614"]
[BlackElo "1495"]
[Annotator "NA RC"]
[PlyCount "38"]
[EventDate "2024.12.23"]
[EventType "team-tourn"]
[EventRounds "7"]
[EventCountry "GER"]
[SourceTitle "playchess.com"]
[Source "ChessBase"]
[SourceQuality "1"]
[TimeControl "3300+5"]

1. e4 c5 2. Nf3 d6 3. d4 cxd4 4. Nxd4 Nf6 5. Nc3 g6 6. Be3 Bg7 7. Bc4 O-O 8. f4 Nbd7 9. Qd2 b6 10. Nc6 Qe8 11. e5 Ng4 12. e6 Nxe3 13. exf7+ Rxf7 14. Bxf7+ Qxf7 15. Qxe3 Bf6 16. O-O Bb7 17. Qf3 Nb8 18. Nd8 Bxf3 19. Nxf7 Kxf7 1-0

[Event "DVM U10 2024"]
[Site "Duesseldorf"]
[Date "2024.12.28"]
[Round "6"]
[White "Riazi, Dominik"]
[Black "Fabritius, Wolf"]
[Result "1/2-1/2"]
[ECO "C02"]
[WhiteElo "1602"]
[BlackElo "1405"]
[Annotator "NA RC"]
[PlyCount "103"]
[EventDate "2024.12.23"]
[EventType "team-tourn"]
[EventRounds "7"]
[EventCountry "GER"]
[SourceTitle "playchess.com"]
[Source "ChessBase"]
[SourceQuality "1"]
[TimeControl "3300+5"]

1. e4 e6 2. d4 d5 3. e5 c5 4. c3 Bd7 5. Be2 Qb6 6. Nf3 Bb5 7. O-O Bxe2 8. Qxe2 cxd4 9. cxd4 Nc6 10. Be3 Nge7 11. Nc3 Nf5 12. Rad1 Bb4 13. Rc1 O-O 14. Rfd1 Rac8 15. a3 Bxc3 16. bxc3 a5 17. Rb1 Qa7 18. Qb5 Rc7 19. a4 Rfc8 20. Bd2 h6 21. Bc1 Qa8 22. Qb3 Qa6 23. Ba3 Na7 24. Bc5 Rd7 25. Qa2 Rb8 26. Rb6 Qc4 27. Qxc4 dxc4 28. Rdb1 Nc8 29. R6b5 Nfe7 30. Bxe7 Rxe7 31. Rxa5 b6 32. Rab5 Ra8 33. R5b4 Rea7 34. Rxc4 Rxa4 35. Rxa4 Rxa4 36. Rc1 b5 37. h3 Rc4 38. Nd2 Rc7 39. c4 Nb6 40. c5 Nd5 41. Rb1 b4 42. Nc4 Kh7 43. Ne3 Kg6 44. Nc2 Rb7 45. Kf1 Kf5 46. Ke1 Ke4 47. Kd2 g5 48. Rb3 h5 49. c6 Rc7 50. Nxb4 Nxb4 51. Rxb4 Rxc6 52. Rb7 1/2-1/2

[Event "DVM U10 2024"]
[Site "Duesseldorf"]
[Date "2024.12.28"]
[Round "6"]
[White "von Flottwell, Lionel"]
[Black "Liu, Jonas"]
[Result "0-1"]
[ECO "B22"]
[WhiteElo "1597"]
[BlackElo "1690"]
[Annotator "NA RC"]
[PlyCount "66"]
[EventDate "2024.12.23"]
[EventType "team-tourn"]
[EventRounds "7"]
[EventCountry "GER"]
[SourceTitle "playchess.com"]
[Source "ChessBase"]
[SourceQuality "1"]
[TimeControl "3300+5"]

1. e4 c5 2. Nf3 Nc6 3. c3 Nf6 4. e5 Nd5 5. d4 cxd4 6. cxd4 d6 7. Be2 dxe5 8. dxe5 e6 9. O-O Be7 10. a3 O-O 11. Bd2 b6 12. Nc3 Bb7 13. Bd3 Qd7 14. Ne1 Nxe5 15. Bxh7+ Kxh7 16. Qh5+ Kg8 17. Qxe5 Bf6 18. Qg3 Ba6 19. Ne4 Bxf1 20. Kxf1 Qb5+ 21. Kg1 Qxb2 22. Nxf6+ Qxf6 23. Rd1 b5 24. Nf3 Nc3 25. Re1 a5 26. Ne5 Rfc8 27. Bxc3 Ra7 28. Bd2 Rac7 29. h4 Qf5 30. Bh6 g6 31. Re3 Rc1+ 32. Kh2 Qh5 33. Qf4 R8c7 0-1

[Event "DVM U10 2024"]
[Site "Duesseldorf"]
[Date "2024.12.28"]
[Round "6"]
[White "Marx, Jakob"]
[Black "Brucker, Oscar"]
[Result "1-0"]
[ECO "C42"]
[WhiteElo "1591"]
[BlackElo "1291"]
[Annotator "NA RC"]
[PlyCount "63"]
[EventDate "2024.12.23"]
[EventType "team-tourn"]
[EventRounds "7"]
[EventCountry "GER"]
[SourceTitle "playchess.com"]
[Source "ChessBase"]
[SourceQuality "1"]
[TimeControl "3300+5"]

1. e4 e5 2. Bc4 Nf6 3. Nf3 Bc5 4. Nxe5 O-O 5. d4 Bb4+ 6. c3 Ba5 7. O-O Nxe4 8. Bxf7+ Rxf7 9. Nxf7 Kxf7 10. Qh5+ g6 11. Qxa5 d5 12. Bf4 b6 13. Qa4 Bf5 14. Nd2 Ng5 15. Rfe1 Nd7 16. Qc6 Rc8 17. Qxd5+ Kg7 18. g4 Nh3+ 19. Kh1 Nxf4 20. Qf3 Nd3 21. gxf5 Nxe1 22. Rxe1 Rb8 23. Re6 Qg5 24. Qe3 Qxe3 25. fxe3 gxf5 26. Re7+ Kg6 27. Rxd7 Re8 28. Nf1 Rc8 29. Kg2 Kh6 30. Ng3 Kg6 31. h4 h5 32. Kf3 1-0

[Event "DVM U10 2024"]
[Site "Duesseldorf"]
[Date "2024.12.28"]
[Round "6"]
[White "Nikolic, Luka"]
[Black "Hantke, Florian"]
[Result "1/2-1/2"]
[ECO "D37"]
[WhiteElo "1579"]
[BlackElo "1517"]
[Annotator "NA RC"]
[PlyCount "65"]
[EventDate "2024.12.23"]
[EventType "team-tourn"]
[EventRounds "7"]
[EventCountry "GER"]
[SourceTitle "playchess.com"]
[Source "ChessBase"]
[SourceQuality "1"]
[TimeControl "3300+5"]

1. d4 d5 2. c4 e6 3. Nc3 Nf6 4. Bf4 c6 5. Qc2 Be7 6. Nf3 O-O 7. e3 Re8 8. Be2 Nbd7 9. O-O dxc4 10. Bxc4 b5 11. Bxb5 cxb5 12. Nxb5 Ba6 13. Nc7 Bxf1 14. Nxe8 Qxe8 15. Rxf1 Rc8 16. Qa4 Ra8 17. Rc1 Nh5 18. Rc7 Rc8 19. Qxa7 Nxf4 20. exf4 Bd6 21. Rxc8 Qxc8 22. g3 Qc6 23. Ne5 Bxe5 24. fxe5 Qc1+ 25. Kg2 Qc6+ 26. Kh3 Nf8 27. Qc5 Qf3 28. b4 h6 29. Qc1 Qxf2 30. b5 Qxd4 31. Qf4 Qc5 32. a4 Ng6 33. Qe4 1/2-1/2

[Event "DVM U10 2024"]
[Site "Duesseldorf"]
[Date "2024.12.28"]
[Round "6"]
[White "Oezkurt, Alper"]
[Black "Schmidt, Jan"]
[Result "1-0"]
[ECO "B13"]
[WhiteElo "1533"]
[BlackElo "1688"]
[Annotator "NA RC"]
[PlyCount "75"]
[EventDate "2024.12.23"]
[EventType "team-tourn"]
[EventRounds "7"]
[EventCountry "GER"]
[SourceTitle "playchess.com"]
[Source "ChessBase"]
[SourceQuality "1"]
[TimeControl "3300+5"]

1. e4 c6 2. d4 d5 3. exd5 cxd5 4. Bd3 Nf6 5. Nf3 Bg4 6. h3 Bh5 7. Bf4 Nc6 8. c3 e6 9. Nbd2 Bd6 10. Bxd6 Qxd6 11. Qc2 Rc8 12. O-O Nb4 13. Qb1 Nxd3 14. Qxd3 O-O 15. Qe2 Rb8 16. Qe5 Qc6 17. Qe3 Rfc8 18. Ne5 Qe8 19. Ndf3 a5 20. a4 b5 21. axb5 Rxb5 22. Qd2 Rcb8 23. Rab1 Ne4 24. Qc2 Qc8 25. Nd2 Nxd2 26. Qxd2 f6 27. Nd3 Bg6 28. Rfe1 Bxd3 29. Qxd3 Rxb2 30. Rxb2 Rxb2 31. Ra1 Qb8 32. g3 Qb6 33. c4 Qa6 34. Qc3 Rb4 35. Qxb4 axb4 36. Rxa6 dxc4 37. Rb6 b3 38. Rb4 1-0

[Event "DVM U10 2024"]
[Site "Duesseldorf"]
[Date "2024.12.28"]
[Round "6"]
[White "Sriram, Yashasri"]
[Black "Luible, Sebastian"]
[Result "0-1"]
[ECO "C42"]
[WhiteElo "1520"]
[BlackElo "1104"]
[Annotator "NA RC"]
[PlyCount "76"]
[EventDate "2024.12.23"]
[EventType "team-tourn"]
[EventRounds "7"]
[EventCountry "GER"]
[SourceTitle "playchess.com"]
[Source "ChessBase"]
[SourceQuality "1"]
[TimeControl "3300+5"]

1. e4 e5 2. Nf3 Nf6 3. Nxe5 d6 4. Nf3 Nxe4 5. d4 d5 6. Bd3 Bg4 7. h3 Bh5 8. Nbd2 Qe7 9. O-O Nc6 10. c3 O-O-O 11. Re1 f5 12. a4 g5 13. Nxe4 fxe4 14. Bxg5 Qg7 15. Bxd8 Bxf3 16. Qxf3 exf3 17. g4 Nxd8 18. Bf5+ Kb8 19. Re8 Be7 20. Rxh8 Qxh8 21. Re1 Bf6 22. Re3 h5 23. Rxf3 hxg4 24. Bxg4 a6 25. b4 Be7 26. Re3 Bf6 27. b5 axb5 28. axb5 Qh7 29. Kh2 Be7 30. Be6 Bd6+ 31. Kg1 Nxe6 32. Rxe6 Qg8+ 33. Kf1 Qxe6 34. h4 Qh3+ 35. Ke2 Qxh4 36. f3 Bf4 37. c4 Qh2+ 38. Kd3 Qd2# 0-1

[Event "DVM U10 2024"]
[Site "Duesseldorf"]
[Date "2024.12.28"]
[Round "6"]
[White "Liu, Yichen"]
[Black "Lüttgen, Jona"]
[Result "0-1"]
[ECO "C45"]
[WhiteElo "1500"]
[BlackElo "1412"]
[Annotator "NA RC"]
[PlyCount "88"]
[EventDate "2024.12.23"]
[EventType "team-tourn"]
[EventRounds "7"]
[EventCountry "GER"]
[SourceTitle "playchess.com"]
[Source "ChessBase"]
[SourceQuality "1"]
[TimeControl "3300+5"]

1. e4 e5 2. Nf3 Nc6 3. d4 exd4 4. Nxd4 Bc5 5. Be3 Qf6 6. c3 Nge7 7. Bb5 Nxd4 8. Bxd4 Bxd4 9. Qxd4 Qxd4 10. cxd4 c6 11. Bc4 d5 12. exd5 cxd5 13. Bb5+ Bd7 14. Bxd7+ Kxd7 15. Nc3 Rac8 16. O-O Rc4 17. Rad1 Rhc8 18. Rd3 R8c6 19. Re1 Re6 20. Rxe6 fxe6 21. h3 Nf5 22. Kf1 Rxd4 23. Rxd4 Nxd4 24. Ne2 Nxe2 25. Kxe2 Kd6 26. Kd3 e5 27. b4 e4+ 28. Kd4 Ke6 29. a3 b6 30. a4 a5 31. bxa5 bxa5 32. h4 h5 33. f3 Kf5 34. Kxd5 e3 35. Kc5 e2 36. Kb5 e1=Q 37. Kc4 Qb4+ 38. Kd3 Qxa4 39. Kc3 Qb4+ 40. Kc2 a4 41. Kd3 a3 42. Kc2 a2 43. Kd3 a1=Q 44. Kc2 Qbc3# 0-1